 Dungeon Crawl Stone Soup version 0.28.0-45-g0d030f2227 (webtiles) character file.

Game seed: 15546476803586250438

49 CryoSword the Skirmisher (level 3, -1/40 HPs)
             Began as an Ogre Berserker on Apr 18, 2022.
             Was a Follower of Trog.
             Slain by a goblin
             ... wielding a +0 club
             ... led by Robin
              (2 damage)
             ... on level 2 of the Dungeon.
             The game lasted 00:01:23 (2022 turns).

CryoSword the Skirmisher (Ogre Berserker)           Turns: 2022, Time: 00:01:24

Health: -1/40      AC:  3    Str: 21    XL:     3   Next: 77%
Magic:  3/3        EV: 10    Int:  8    God:    Trog [*.....]
Gold:   52         SH:  0    Dex: 10    Spells: 2/2 levels left

rFire   . . .      SeeInvis .   a - +0 mace
rCold   . . .      Faith    .   (no shield)
rNeg    . . .      Spirit   .   b - +0 animal skin
rPois   .          Reflect  .   (helmet restricted)
rElec   .          Harm     .   (no cloak)
rCorr   .          Rampage  .   (gloves unavailable)
Will    .....                   (boots unavailable)
Stlth   +.........              (no amulet)
HPRegen 0.13/turn               (no ring)
MPRegen 0.08/turn               (no ring)

@: on berserk cooldown, slowed, very slow
A: large, unfitting armour, tough skin 1
a: Renounce Religion, Berserk


You were on level 2 of the Dungeon.
You worshipped Trog.
Trog was aware of your devotion.
You visited 1 branch of the dungeon, and saw 2 of its levels.

You collected 52 gold pieces.

Inventory:

Hand Weapons
 a - a +0 mace (weapon)
Armour
 b - a +0 animal skin (worn)
Scrolls
 d - a scroll of teleportation {unknown}
 e - a scroll of vulnerability {unknown}
 f - a scroll of blinking {unknown}
 g - a scroll of identify {unknown}
Potions
 c - a potion of curing {unknown}


   Skills:
 + Level 4.6 Fighting
 * Level 3.5 Maces & Flails
 + Level 3.0 Dodging


You had 2 spell levels left.
You didn't know any spells.
Your spell library was empty.

Dungeon Overview and Level Annotations

Branches:
Dungeon (2/15)

Altars:

Annotations:
D:2 Robin


Innate Abilities, Weirdness & Mutations

You are too large for most types of armour.
You have tough skin. (AC +1)


Message History

You sock the ball python!
You kill the ball python!
Trog accepts your kill.
No target in view!
No target in view!
No target in view!
No target in view!
No target in view!
No target in view!
No target in view!
No target in view!
No target in view!
No target in view!
No target in view!
You see here a ball python corpse.
Could not explore, unopened door.
Could not explore, unopened door.
You open the door.
A bat comes into view.
A bat is nearby!
A bat is nearby!
A bat is nearby!
There is an open door here.
The bat hits you but does no damage. x2
You completely miss the bat. The bat barely misses you.
The bat barely misses you. The bat misses you.
You completely miss the bat. The bat hits you but does no damage.
The bat hits you but does no damage. The bat hits you but does no damage.
The bat misses you.
You thump the bat!
You kill the bat!
Trog accepts your kill.
No target in view!
No target in view!
No target in view!
No target in view!
No target in view!
There is an open door here.
Found 16 stones.
Found a stone staircase leading down.
There is a stone staircase leading down here.
You see here 16 stones.
Found a stone staircase leading up.
You see here 16 stones.
You see here a ball python corpse.
You see here a rat skeleton.
A ball python comes into view.
The ball python hisses angrily.
A ball python is nearby!
A ball python is nearby!
The ball python bites you.
You sock the ball python!
You kill the ball python!
Trog accepts your kill.
No target in view!
No target in view!
No target in view!
No target in view!
No target in view!
No target in view!
No target in view!
No target in view! 2 hobgoblins and 2 goblins come into view.
The goblin shouts!
You hear a shout!
There is an open door here.
You see here a ball python corpse.
There are monsters nearby!
There are monsters nearby!
A hobgoblin comes into view.
The goblin shouts!
The hobgoblin shouts! x2
A red film seems to cover your vision as you go berserk!
You feel yourself moving faster!
You feel mighty!
A goblin comes into view. It is wielding a +0 club.
You barely miss the goblin.
The goblin shouts!
The goblin hits you with a +0 club. The goblin hits you but does no damage.
You closely miss the goblin.
An endoplasm comes into view.
The goblin closely misses you. The goblin hits you with a +0 dagger.
You barely miss the hobgoblin. The goblin hits you with a +0 club.
You thump the hobgoblin!
You kill the hobgoblin!
Trog accepts your kill. The goblin barely misses you.
Robin of the Strong Arm comes into view.
They are wielding a +2 spear of flaming.
You sock the goblin!
You kill the goblin!
Trog accepts your kill. The goblin barely misses you.
You sock the goblin!
You kill the goblin!
Trog accepts your kill.
You barely miss the goblin.
Robin drinks a potion.
Robin seems to speed up.
The hobgoblin hits you but does no damage.
The goblin hits you with a +0 dagger.
You closely miss the goblin.
Robin roars a battlecry!
The goblins go into a battle-frenzy!
The hobgoblin hits you. x2
You closely miss the goblin. The goblin hits you with a +0 dagger.
The hobgoblin barely misses you.
You miss the goblin. The hobgoblin hits you.
The goblin hits you but does no damage.
You are too injured to fight recklessly!
You are too injured to fight recklessly!
You are too injured to fight recklessly!
You are too injured to fight recklessly!
You are too injured to fight recklessly!
You are too injured to fight recklessly!
You are too injured to fight recklessly!
You are too injured to fight recklessly!
You are too injured to fight recklessly!
You are too injured to fight recklessly!
You are too injured to fight recklessly!
Unknown command.
You sock the goblin!
You kill the goblin!
Trog accepts your kill. The hobgoblin barely misses you.
Robin throws the goblin at you! The goblin barely misses you.
You thump the hobgoblin!
You kill the hobgoblin!
Trog accepts your kill.
You are no longer berserk.
You are exhausted.
You feel yourself slow down. The hobgoblin misses you.
The goblin barely misses you. The endoplasm freezes you.
You are frozen.
* * * LOW HITPOINT WARNING * * *
You hit the hobgoblin.
Robin hits you from afar with a +2 spear of flaming.
* * * LOW HITPOINT WARNING * * *
Robin burns you.
* * * LOW HITPOINT WARNING * * *
The hobgoblin hits you.
* * * LOW HITPOINT WARNING * * *
Robin closely misses you. The goblin hits you with a +0 club.
* * * LOW HITPOINT WARNING * * *
The endoplasm hits you.
* * * LOW HITPOINT WARNING * * *
The hobgoblin closely misses you.
Robin hits you from afar with a +2 spear of flaming.
* * * LOW HITPOINT WARNING * * *
Robin burns you.
* * * LOW HITPOINT WARNING * * *
The goblin hits you with a +0 club.
You die...

#.......... #..........
###......#### #........#
#...###### #.......#
#.#.###.# ## #.#†###'####
###. #...@gg..... ##...
#..g)J....## ##.^.^
.............# #....>
#####........######.....
##'#######....†....^
#.#######....#....^
#.......'....#.....
################.÷..##....
#..............'....###^..


You could see Robin (fast), an endoplasm, a hobgoblin (strong) and a goblin
(strong).

Vanquished Creatures
  2 worms (D:2)
  5 ball pythons
  3 bats
  2 endoplasms
  3 giant cockroaches (D:1)
  6 hobgoblins
  3 kobolds (D:1)
  A quokka (D:2)
  2 frilled lizards (D:1)
  9 goblins
  2 rats
38 creatures vanquished.

Notes
Turn   | Place    | Note
-------+----------+-------------------------------------------
     0 | D:1      | CryoSword the Ogre Berserker began the quest for the Orb.
     0 | D:1      | Reached XP level 1. HP: 24/24 MP: 1/1
   194 | D:1      | Reached XP level 2. HP: 29/32 MP: 2/2
  1411 | D:2      | Reached XP level 3. HP: 30/40 MP: 3/3
  2013 | D:2      | Noticed Robin
  2022 | D:2      | HP: 2/40 [Robin/+2 spear of flaming (3)]
  2022 | D:2      | Slain by a goblin

Illustrated notes

Levels and vault maps discovered:
D:1:      lordsloth_arrival_two_stooges, layout_basic, minmay_cut_off
D:2:      layout_basic, chequers_ecumenical_altar_twisty, nicolae_wormholes,
          uniq_robin

Skill      XL: |  1  2 |
---------------+-------+-----
Maces & Flails | 3 |  3.5
Dodging        | 3 |  3.0
Fighting       | |  4.6

Action                   || total
-------------------------++-------
Melee: Mace              ||   100
Invok: Berserk           ||     3
Armor: Animal skin       ||    54
Dodge: Dodged            ||    68
